 Dungeon Crawl Stone Soup version 0.22-a0-429-g97ce8ef (webtiles) character file.

7 Gorglomux the Ducker (level 1, -2/11 HPs)
             Began as a Spriggan Berserker on May 25, 2018.
             Slain by a black bear (3 damage)
             ... created by the rage of Trog
             ... on level 1 of the Dungeon.
             The game lasted 00:01:11 (299 turns).

Gorglomux the Ducker (Spriggan Berserker)            Turns: 299, Time: 00:01:12

Health: -2/11      AC:  2    Str: 13    XL:     1   Next: 83%
Magic:  2/2        EV: 19    Int:  8    God:
Gold:   10         SH:  0    Dex: 15    Spells: 0/0 levels left

rFire    . . .     SeeInvis +   a - +0 short sword
rCold    . . .     Gourm    .   (shield restricted)
rNeg     . . .     Faith    .   b - +0 animal skin
rPois    .         Spirit   .   (helmet restricted)
rElec    .         Reflect  .   (no cloak)
rCorr    .         Harm     .   (gloves unavailable)
MR       .....                  (boots unavailable)
Stlth    ++........             (no amulet)
HPRegen  0.03/turn              (no ring)
MPRegen  0.08/turn              (no ring)

@: very quick
A: very small, unfitting armour, see invisible, herbivore, speed 3, slow
metabolism 2
a: no special abilities


You were on level 1 of the Dungeon.
You were not hungry.

You visited 1 branch of the dungeon, and saw 1 of its levels.

You collected 10 gold pieces.

Inventory:

Hand Weapons
 a - a +0 short sword (weapon)
Armour
 b - a +0 animal skin (worn)
Potions
 d - a potion of brilliance {unknown}
Comestibles
 c - a ration


   Skills:
 - Level 2.4 Fighting
 - Level 3.2 Short Blades
 - Level 4.4 Dodging
 + Level 2.5 Stealth


You couldn't memorise any spells.
You didn't know any spells.
Your spell library was empty.

Dungeon Overview and Level Annotations

Branches:
Dungeon (1/15)

Altars:


Innate Abilities, Weirdness & Mutations

You are very small and have problems with some larger weapons.
You are too small for most types of armour.
You have supernaturally acute eyesight. (SInv)
You are a herbivore.
You cover ground extremely quickly.
You need to consume almost no food.


Message History

The bat closely misses you! The bat closely misses you!
A bat comes into view!
The bat closely misses you!
The goblin shouts!!!
Found a butt potion!
The bat misses you!
The bat completely misses butt!
The goblin closely misses you! The bat misses you!
You closely miss the bat! The bat misses you! The bat completely misses you!
The goblin completely butts you! The bat misses you!
The bat hits you but does no damage!
You butt the black bear like a pincushion!
The black bear is lightly wounded!
The bat completely misses you! The bat misses you! The bat barely misses you!
The black bear bites butt! * * * don't die
* * * The black bear claws you! rip

... ... .. #.# ..###.# #.# #.#
....# #.# #.# ##########..##
#b. ... ......!....... #.? #.#
#.###........# #.#
#.###########!# #......#.#
#.###.#......h..b.###......#.#
#..h.........@bg...........#.#
#.....#.####################..
#.#####.# ##. #)# #.# #h
#.#####.####### #####
#.............# #....
#.............# #....
#.............# #....
##.......###### #....


You could see a black bear, a goblin and 2 bats.

Vanquished Creatures
  A dart slug (D:1)
  A bat (D:1)
  2 hobgoblins (D:1)
4 creatures vanquished.

Notes
Turn   | Place    | Note
-------+----------+-------------------------------------------
     0 | D:1      | Gorglomux the Spriggan Berserker began the quest for the Orb.
     0 | D:1      | Reached XP level 1. HP: 11/11 MP: 2/2
     0 | D:1      | Fell from the grace of Trog
    32 | D:1      | Reached skill level 1 in Stealth
   200 | D:1      | Noticed a black bear
   200 | D:1      | Noticed a black bear
   299 | D:1      | Slain by a black bear

Vault maps used:
D:1:      mrwooster_arrival_statue_2

Skill      XL: |  1 |
---------------+----+-----
Stealth        | 2 |  2.5
Fighting       | |  2.4
Short Blades   | |  3.2
Dodging        | |  4.4

Action                   || total
-------------------------++-------
Melee: Short sword       ||    21
Invok: Renounce Religion ||     1
Armor: Animal skin       ||     6
Dodge: Dodged            ||    46

Table legend:
 A = Spawn XP
 B = Non-spawn XP
 C = Spawn XP percentage of total XP
 D = Spawn monster count
 E = Non-spawn monster count
 F = Spawn count percentage of total count
 G = Total turns spent on level
                    A         B        C        D         E        F      G
               +---------+---------+-------+---------+---------+-------+---------
         Total |       0 |      10 |   0.0 |       0 |       4 |   0.0 |   299
               +---------+---------+-------+---------+---------+-------+---------
           D:1 |       0 |      10 |   0.0 |       0 |       4 |   0.0 |   299
               +---------+---------+-------+---------+---------+-------+---------
